 Dungeon Crawl Stone Soup version 0.26.1-11-gd32895ea62 (webtiles) character file.

Game seed: 6467966853244074348

1221 thriggle the Shield-Bearer (level 8, -1/62 HPs)
             Began as a Formicid Fighter on June 15, 2021.
             Was a Follower of Zin.
             Slain by a gnoll
             ... wielding a +2 halberd of electrocution
              (5 damage)
             ... in a bailey.
             The game lasted 00:25:44 (5796 turns).

thriggle the Shield-Bearer (Formicid Fighter)       Turns: 5796, Time: 00:25:45

Health: -1/62      AC:  8    Str: 21    XL:     8   Next: 75%
Magic:  10/10      EV: 10    Int:  9    God:    Zin [*.....]
Gold:   44         SH: 10    Dex: 11    Spells: 7/7 levels left

rFire    . . .     SeeInvis +   a - +4 long sword
rCold    . . .     Faith    .   c - +0 kite shield
rNeg     . . .     Spirit   .   b - +1 scale mail
rPois    .         Reflect  .   (helmet unavailable)
rElec    .         Harm     .   r - scarf {repulsion}
rCorr    .         Rampage  .   (no gloves)
Will     .....                  (no boots)
Stlth    +.........             (no amulet)
HPRegen  0.20/turn              (no ring)
MPRegen  0.12/turn              (no ring)

@: repel missiles
A: permanent stasis, dig shafts and tunnels, four strong arms, antennae 3
a: Dig, Renounce Religion, Recite, Donate Gold


You were in a bailey.
You worshipped Zin.
Zin was aware of your devotion.
You visited 2 branches of the dungeon, and saw 8 of its levels.
You also visited: Bailey.

You collected 200 gold pieces.
You donated 156 gold pieces to Zin.

Inventory:

Hand Weapons
 a - a +4 long sword (weapon)
Missiles
 g - 79 stones
 o - 66 boomerangs (quivered)
Armour
 b - a +1 scale mail (worn)
 c - a +0 kite shield (worn)
 r - a scarf of repulsion (worn)
 t - a +2 cloak
Wands
 p - a wand of iceblast (7)
Scrolls
 d - 2 scrolls of amnesia
 h - a scroll of identify
 j - 4 scrolls of remove curse
Potions
 e - 2 potions of might
 f - 2 potions of mutation {unknown}
 i - 5 potions of heal wounds


   Skills:
 + Level 5.0 Fighting
 + Level 3.8 Long Blades
 + Level 3.0 Throwing
 + Level 5.1 Armour
 + Level 2.9 Dodging
 + Level 4.2 Stealth
 + Level 5.6 Shields
 + Level 3.8 Invocations


You had 7 spell levels left.
You didn't know any spells.
Your spell library contained the following spells:

 Spells                   Type           Power        Failure   Level
 Confusing Touch          Hex            0%           100%        3
 Gell's Gravitas          Tloc           0%           100%        3
 Petrify                  Tmut/Erth      0%           100%        4
 Metabolic Englaciation   Hex/Ice        0%           100%        5
 Yara's Violent Unravell  Hex/Tmut       0%           100%        5


Dungeon Overview and Level Annotations

Branches:
Dungeon (8/15)             Temple (1/1) D:7          Bailey (1/1)
   Lair: D:8-11

Altars:
Ashenzari
Hepliaklqana
Kikubaaqudgha
Sif Muna
Trog
Vehumet
Wu Jian
Zin


Innate Abilities, Weirdness & Mutations

You cannot be hasted, slowed, berserked, paralysed or teleported.
You can dig through walls and to a lower floor.
Your four strong arms can wield two-handed weapons with a shield.
You have a pair of large antennae on your head. (SInv)


Message History

The kobold is lost in a daze.
The gnoll hits you with a +2 halberd of electrocution.
* * * LOW HITPOINT WARNING * * *
There is an open door here.
Items here: ! ( ? †.
You hit the kobold.
You kill the kobold!
You block the gnoll's attack.
You hit the gnoll.
The gnoll is moderately wounded.
The gnoll completely misses you.
You barely miss the gnoll.
The gnoll is moderately wounded.
The gnoll hits you but does no damage.
You are electrocuted!
* * * LOW HITPOINT WARNING * * *
Unknown command.
You barely miss the gnoll.
The gnoll is moderately wounded.
The gnoll hits you with a +2 halberd of electrocution.
You die...

### ### #####
#.###.###(+[#
##'##'##+###'#
##.....## #)g
###....g### ....
#.'..⌠.(@.# .⌠..'
###.....### .....#
##)....## #.....#
##†##'##'###'# '##'
#.###.###.#g# #'# ###
##### ### ###
#)###.###.#.###.###.#
##†##'##'###'##'##'##
##.†...## ##.....##


You could see a gnoll.

Vanquished Creatures
  A steam dragon (D:7)
  2 orc warriors
  A centaur (D:7)
  2 bullfrogs (D:7)
  2 scorpions
  A killer bee (D:7)
  A howler monkey (D:7)
  A hound (D:7)
  A centaur skeleton (D:4)
  An orc wizard (D:3)
  3 worker ants (D:4)
  A worker ant zombie (D:8)
  12 gnolls (Bailey)
  10 adders
  A white imp (D:7)
  An ufetubus (D:7)
  3 worms
  2 dart slugs (D:3)
  A leopard gecko (D:2)
  10 orcs
  4 giant cockroaches
  12 goblins
  21 hobgoblins
  10 jackals
  3 quokkas
  11 bats
  11 frilled lizards
  14 kobolds
  11 rats
154 creatures vanquished.

Notes
Turn   | Place    | Note
-------+----------+-------------------------------------------
     0 | D:1      | thriggle the Formicid Fighter began the quest for the Orb.
     0 | D:1      | Reached XP level 1. HP: 18/18 MP: 1/1
   286 | D:1      | Reached XP level 2. HP: 24/24 MP: 2/2
   643 | D:1      | Reached XP level 3. HP: 28/29 MP: 3/3
  1335 | D:2      | Reached skill level 1 in Invocations
  1564 | D:2      | Reached skill level 1 in Stealth
  1888 | D:2      | Reached XP level 4. HP: 35/35 MP: 4/4
  1978 | D:2      | Reached skill level 1 in Dodging
  2514 | D:3      | Reached skill level 1 in Throwing
  2559 | D:3      | Reached XP level 5. HP: 39/42 MP: 4/6
  3480 | D:4      | Reached XP level 6. HP: 46/48 MP: 7/7
  3900 | D:4      | Noticed an ogre
  4217 | D:4      | Noticed an ogre
  4224 | D:5      | Entered Level 5 of the Dungeon
  4236 | D:5      | Noticed an ogre
  4287 | D:5      | You fall into a shaft and drop 2 floors!
  4312 | D:7      | Reached XP level 7. HP: 44/54 MP: 8/8
  4361 | D:7      | Noticed a steam dragon
  4376 | D:7      | Killed a steam dragon
  4519 | D:7      | Found a staircase to the Ecumenical Temple.
  4527 | Temple   | Entered the Ecumenical Temple
  4625 | Temple   | Became a worshipper of Zin the Law-Giver
  4625 | Temple   | Reached * piety under Zin
  4762 | D:7      | Reached skill level 5 in Shields
  4781 | D:7      | Found a hazy altar of Hepliaklqana.
  4855 | D:7      | Reached XP level 8. HP: 17/61 MP: 10/10
  4875 | D:7      | You fall into a shaft and drop 1 floor!
  4893 | D:7      | Zin protects you from harm!
  4899 | D:7      | Donated 91 gold pieces to Zin
  4901 | D:7      | Donated 45 gold pieces to Zin
  4914 | D:7      | Noticed a manticore
  4926 | D:7      | You fall into a shaft and drop 1 floor!
  5289 | D:8      | Found a flagged portal.
  5295 | Bailey   | Entered a bailey
  5734 | Bailey   | Reached skill level 5 in Fighting
  5752 | Bailey   | Reached skill level 5 in Armour
  5795 | Bailey   | HP: 3/62 [gnoll/+2 halberd of electrocution (9)]
  5796 | Bailey   | Slain by a gnoll

Illustrated notes

Levels and vault maps discovered:
D:1:      roderic_dead_forest, layout_basic
D:2:      layout_basic
D:3:      layout_basic, st_stairs_14, minmay_misc_feat_x
D:4:      layout_rooms
D:5:      layout_rooms, grunt_temple_overflow_holy_war, general_overflow_altar
D:7:      nzn_winding_woodlands_stair_cross
          [nzn_winding_woodlands_5x15_pathside_ponds,
          nzn_winding_woodlands_center_diamonds,
          nzn_winding_woodlands_5x15_garden, nzn_winding_woodlands_5x5_cross,
          nzn_winding_woodlands_hourglass, nzn_winding_woodlands_5x15_zeroes,
          nzn_winding_woodlands_center_pierced_h,
          nzn_winding_woodlands_5x15_eye], layout_cave_pools,
          nemelex_xobeh_ov_fountains_minmay, kennysheep_mini_moat,
          chequers_arboretum
D:8:      minmay_quarter_circles, layout_basic, enter_bailey_2,
          serial_bayou_crossing, uniq_maggie
Temple:   minmay_temple_curvy_loop
Bailey:   bailey_axe_2, bailey

Skill      XL: |  1  2  3  4  5  6  7  8 |
---------------+-------------------------+-----
Invocations    | 1 2 3 |  3.8
Stealth        | 1 2 3 4 |  4.2
Shields        | 4 5 |  5.6
Dodging        | 1 2 |  2.9
Throwing       | 1 2 3 |  3.0
Fighting       | 4 5 |  5.0
Armour         | 4 5 |  5.1
Long Blades    | 3 |  3.8

Action                   |  1- 3 |  4- 6 |  7- 9 || total
-------------------------+-------+-------+-------++-------
Melee: Long sword        |   130 |   230 |   152 ||   512
Throw: Stone             |    18 |    31 |       ||    49
       Boomerang         |       |    20 |    50 ||    70
Invok: Recite            |       |       |    12 ||    12
       Donate Gold       |       |       |     2 ||     2
 Abil: Dig               |     2 |     2 |       ||     4
       Shaft Self        |       |     1 |     2 ||     3
  Use: Potion            |     2 |     3 |     2 ||     7
       Scroll            |       |     7 |     7 ||    14
Armor: Scale mail        |    57 |    78 |    55 ||   190
Dodge: Dodged            |    47 |    83 |    88 ||   218
       Repelled          |       |       |     1 ||     1
Block: Kite shield       |    62 |   146 |   136 ||   344
       Rpst.: Long sword |    15 |    27 |    16 ||    58
